 Dungeon Crawl Stone Soup version 0.22-a0-456-g11ed031 (webtiles) character file.

235 HammerPanzer the Slasher (level 5, 0/43 HPs)
             Began as a Demonspawn Berserker on June 7, 2018.
             Was a Believer of Trog.
             Slain by a scorpion (4 damage)
             ... on level 4 of the Dungeon.
             The game lasted 00:06:03 (2986 turns).

HammerPanzer the Slasher (Demonspawn Berserker)     Turns: 2986, Time: 00:06:03

Health: 0/43       AC:  6    Str: 19    XL:     5   Next: 76%
Magic:  0/5        EV:  8    Int:  8    God:    Trog [**....]
Gold:   242        SH:  7    Dex: 12    Spells: 4/4 levels left

rFire    . . .     SeeInvis .   a - +0 falchion
rCold    . . .     Gourm    .   f - +0 shield
rNeg     . . .     Faith    .   m - +0 ring mail (curse)
rPois    .         Spirit   +   (helmet restricted)
rElec    .         Reflect  .   (no cloak)
rCorr    .         Harm     .   (no gloves)
MR       .....                  d - +0 pair of boots (curse)
Stlth    +.........             (no amulet)
HPRegen  0.14/turn              (no ring)
MPRegen  0.09/turn              (no ring)

@: lethally poisoned (0 -> -23)
A: antennae 1, magic shield, sturdy frame 1
a: Berserk, Trog's Hand, Renounce Religion


You were on level 4 of the Dungeon.
You worshipped Trog.
Trog was pleased with you.
You were very hungry.

You visited 1 branch of the dungeon, and saw 4 of its levels.

You collected 242 gold pieces.

Inventory:

Hand Weapons
 a - a +0 falchion (weapon)
Armour
 d - a cursed +0 pair of boots (worn)
 f - a +0 shield (worn)
 m - a cursed +0 ring mail (worn)
Jewellery
 b - an uncursed amulet of regeneration {unknown}
 l - an uncursed amulet of magic regeneration {unknown}
Scrolls
 e - 4 scrolls of enchant weapon {unknown}
 h - 4 scrolls of identify {unknown}
 k - a scroll of fog {unknown}
 n - a scroll of random uselessness {unknown}
 r - a scroll of fear {unknown}
Potions
 g - 2 potions of might {unknown}
 i - a potion of haste {unknown}
 j - a potion of heal wounds {unknown}
 o - a potion of mutation {unknown}
 p - 2 potions of curing {unknown}
 q - a potion of agility {unknown}
 t - a potion of cancellation {unknown}
Comestibles
 c - 8 rations


   Skills:
 + Level 4.4 Fighting
 * Level 5.1 Long Blades
 - Level 1.7 Armour
 - Level 1.7 Dodging


You had 4 spell levels left.
You didn't know any spells.
Your spell library was empty.

Dungeon Overview and Level Annotations

Branches:
Dungeon (4/15)
 Temple: D:4-7

Altars:
Ashenzari
Elyvilon
Hepliaklqana
Kikubaaqudgha
Qazlal
Xom


Innate Abilities, Weirdness & Mutations

You have a pair of small antennae on your head.
When hurt, damage is shared between your health and your magic reserves.
Your movements are slightly less encumbered by armour. (ER -2)


Message History

The scorpion is almost dead.
You feel sick. The scorpion stings you!
You are lethally poisoned!
The scorpion poisons you!
You hit the scorpion.
The scorpion is almost dead.
You feel sick. The scorpion stings you.
* * * LOW HITPOINT WARNING * * *
You are more poisoned.
The scorpion poisons you!
You hit the scorpion but do no damage.
The scorpion is almost dead.
* * * LOW HITPOINT WARNING * * *
You feel very sick. The scorpion barely misses you.
You closely miss the scorpion.
The scorpion is almost dead.
* * * LOW HITPOINT WARNING * * *
You feel sick. The scorpion stings you.
You die...

......... .
###........ #.
#..........
#..#..........
#..#.........#
#........$...
#..s......#
#..@.....#
#..<....##
#.....)##
#.:....#
#......#
########


You could see a scorpion.

Vanquished Creatures
  The ghost of Nib the Ruffian, an amateur DrTm (D:3)
  An orc priest (D:3)
  Jessica (D:3)
  An adder (D:2)
  3 gnolls (D:3)
  An ooze (D:2)
  3 worms
  A dart slug (D:1)
  3 orcs (D:3)
  3 bats
  A giant cockroach (D:2)
  6 goblins
  4 hobgoblins
  A quokka (D:3)
  A ball python (D:1)
  3 frilled lizards
  5 kobolds
  9 rats
48 creatures vanquished.

Notes
Turn   | Place    | Note
-------+----------+-------------------------------------------
     0 | D:1      | HammerPanzer the Demonspawn Berserker began the quest for the Orb.
     0 | D:1      | Reached XP level 1. HP: 18/18 MP: 1/1
   163 | D:1      | Found a hazy altar of Hepliaklqana.
   329 | D:1      | Reached skill level 3 in Long Blades
   434 | D:1      | Gained mutation: You have a pair of small antennae on your head. [demonic ancestry]
   434 | D:1      | Reached XP level 2. HP: 24/24 MP: 2/2
   893 | D:2      | Found a shimmering altar of Xom.
   893 | D:2      | Found a shimmering altar of Xom.
   895 | D:2      | Found a shimmering altar of Xom.
   895 | D:2      | Found a shimmering altar of Xom.
  1067 | D:2      | Found a shimmering altar of Xom.
  1194 | D:2      | Reached ** piety under Trog
  1194 | D:2      | Gained mutation: Your movements are slightly less encumbered by armour. (ER -2) [demonic ancestry]
  1194 | D:2      | Reached XP level 3. HP: 29/29 MP: 3/3
  1615 | D:2      | Found a shattered altar of Ashenzari.
  2133 | D:3      | Reached skill level 4 in Long Blades
  2133 | D:3      | Reached XP level 4. HP: 28/37 MP: 4/4
  2391 | D:3      | Noticed Nib's ghost (amateur DrTm)
  2403 | D:3      | Killed Nib's ghost
  2403 | D:3      | Gained mutation: When hurt, damage is shared between your health and your magic reserves. [demonic ancestry]
  2403 | D:3      | Reached XP level 5. HP: 43/43 MP: 5/5
  2444 | D:3      | Reached skill level 5 in Long Blades
  2499 | D:3      | Noticed Jessica
  2506 | D:3      | Killed Jessica
  2553 | D:3      | Found a white marble altar of Elyvilon.
  2553 | D:3      | Found a stormy altar of Qazlal.
  2553 | D:3      | Found an ancient bone altar of Kikubaaqudgha.
  2986 | D:4      | Slain by a scorpion

Vault maps used:
D:1:      dpeg_arrival_lava_altar
D:2:      lemuel_round_altar, xom_redecorated, first_ration
D:3:      gammafunk_temple_overflow_forgotten, uniq_jessica
D:4:      minmay_temple_entry_enclosed_plants, serial_shops, shop,
          grunt_decor_cap

Skill      XL: |  1  2  3  4  5 |
---------------+----------------+-----
Long Blades    | 3 4 5 |  5.1
Fighting       | 4 |  4.4
Armour         | |  1.7
Dodging        | |  1.7

Action                   |  1- 3 |  4- 6 || total
-------------------------+-------+-------++-------
Melee: Falchion          |   116 |    49 ||   165
Invok: Berserk           |     2 |     2 ||     4
 Stab: Sleeping          |     2 |       ||     2
  Eat: Chunk             |     5 |     4 ||     9
Armor: Leather armour    |     6 |       ||     6
       Animal skin       |     1 |       ||     1
       Ring mail         |    26 |     7 ||    33
Dodge: Dodged            |    52 |    11 ||    63
Block: Shield            |    14 |    14 ||    28
       Rpst.: Falchion   |    19 |     2 ||    21

Table legend:
 A = Spawn XP
 B = Non-spawn XP
 C = Spawn XP percentage of total XP
 D = Spawn monster count
 E = Non-spawn monster count
 F = Spawn count percentage of total count
 G = Total turns spent on level
                    A         B        C        D         E        F      G
               +---------+---------+-------+---------+---------+-------+---------
         Total |       0 |     336 |   0.0 |       0 |      48 |   0.0 |  2986
               +---------+---------+-------+---------+---------+-------+---------
           D:1 |       0 |      20 |   0.0 |       0 |      12 |   0.0 |   770
           D:2 |       0 |      45 |   0.0 |       0 |      16 |   0.0 |  1001
           D:3 |       0 |     271 |   0.0 |       0 |      20 |   0.0 |  1198
               +---------+---------+-------+---------+---------+-------+---------
